 Dungeon Crawl Stone Soup version 0.29-a0-483-g69413ace17 (webtiles) character file.

Game seed: 13881795979905111175

23 Hubjo the Firebug (level 2, -1/16 HPs)
             Began as a Deep Elf Fire Elementalist on May 25, 2022.
             Was an Initiate of Gozag.
             Slain by a kobold
             ... wielding a +0 dagger
              (2 damage)
             ... on level 1 of the Dungeon.
             The game lasted 00:00:46 (1454 turns).

Hubjo the Firebug (Deep Elf Fire Elementalist)      Turns: 1454, Time: 00:00:46

Health: -1/16      AC:  2    Str:  5    XL:     2   Next: 72%
Magic:  8/8        EV: 12    Int: 19    God:    Gozag
Gold:   17         SH:  0    Dex: 15    Spells: 6/7 levels left

rFire   . . .      SeeInvis .   (no weapon)
rCold   . . .      Faith    .   (no shield)
rNeg    . . .      Spirit   .   a - +0 robe
rPois   .          Reflect  .   (no helmet)
rElec   .          Harm     .   (no cloak)
rCorr   .          Rampage  .   (no gloves)
Will    .....                   (no boots)
Stlth   ++........              (no amulet)
HPRegen 0.05/turn               (no ring)
MPRegen 0.11/turn               (no ring)

@: no status effects
A: no striking features
a: Renounce Religion, Potion Petition, Call Merchant, Bribe Branch


You were on level 1 of the Dungeon.
You worshipped Gozag.
Gozag was noncommittal.
You visited 1 branch of the dungeon, and saw 1 of its levels.

You collected 17 gold pieces.

Inventory:

Armour
 a - a +0 robe (worn)
Scrolls
 c - a scroll of teleportation {unknown}
 d - a scroll of torment {unknown}
 e - a scroll of fog {unknown}
Potions
 b - a potion of magic


   Skills:
 * Level 1.1 Fighting
 - Level 2.4 Dodging
 + Level 2.9 Stealth
 + Level 3.3 Spellcasting
 - Level 1.1 Conjurations
 + Level 3.5 Fire Magic


You had 6 spell levels left.
You knew the following spells:

 Your Spells              Type           Power      Damage    Failure   Level
a - Foxfire               Conj/Fire      48%        2x1d6     5%          1

Your spell library contained the following spells:

 Spells                   Type           Power      Damage    Failure   Level
 Scorch                   Fire           32%        2d7       5%          2
 Conjure Flame            Conj/Fire      12%        6-21      17%         3
 Inner Flame              Hex/Fire       9%         N/A       22%         3
 Flame Wave               Conj/Fire      12%        2d6       50%         4


Dungeon Overview and Level Annotations

Branches:
Dungeon (1/15)

Altars:
Gozag


Message History

There is an open door here.
There is an open door here.
You now have 17 gold pieces (gained 10).
Found 12 stones.
You see here 12 stones.
A frilled lizard and a kobold come into view.
The frilled lizard hisses angrily.
There are monsters nearby!
There are monsters nearby!
There are monsters nearby!
The kobold shouts!
The frilled lizard misses you.
The kobold throws a stone.
The stone misses you. The frilled lizard barely misses you.
The frilled lizard barely misses you.
The frilled lizard bites you but does no damage.
The frilled lizard closely misses you. The kobold misses you.
The frilled lizard completely misses you.
The kobold hits you with a +0 dagger. The frilled lizard barely misses you.
The kobold barely misses you. The frilled lizard bites you.
The kobold barely misses you. The frilled lizard misses you.
The kobold completely misses you. The frilled lizard closely misses you.
The kobold hits you but does no damage. The frilled lizard closely misses you.
The kobold hits you but does no damage. The frilled lizard closely misses you.
The kobold hits you with a +0 dagger. The frilled lizard misses you.
The kobold hits you with a +0 dagger.
The frilled lizard bites you but does no damage.
The kobold hits you with a +0 dagger. The frilled lizard bites you.
* * * LOW HITPOINT WARNING * * *
The kobold hits you with a +0 dagger.
* * * LOW HITPOINT WARNING * * *
The frilled lizard barely misses you. The kobold hits you but does no damage.
The frilled lizard misses you. The kobold closely misses you.
The frilled lizard closely misses you. The kobold hits you but does no damage.
The frilled lizard completely misses you.
The kobold closely misses you. The frilled lizard closely misses you.
The kobold hits you but does no damage. The frilled lizard closely misses you.
The kobold hits you with a +0 dagger.
You die...
Your body crumbles into a pile of gold.

#..# #..# #. #..#
#..# #. #..# #.##
#. #..# #.# #. #..#
#.#### #.
#..####.#... #.
#...........
#K######(#####.####
#.@................
#l######.##........
#. #.##........ ..
#.##........ ##.
#.##........ #.
#.##........ #.
####........ ..
#........ #########


You could see a kobold and a frilled lizard.

Vanquished Creatures
  A bat (D:1)
  3 endoplasms (D:1)
  A giant cockroach (D:1)
  2 hobgoblins (D:1)
  3 jackals (D:1)
  2 kobolds (D:1)
  2 ball pythons (D:1)
  2 frilled lizards (D:1)
  2 goblins (D:1)
  2 rats (D:1)
20 creatures vanquished.

Vanquished Creatures (others)
  148 foxfires (D:1)
148 creatures vanquished.

Grand Total: 168 creatures vanquished

Notes
Turn   | Place    | Note
-------+----------+-------------------------------------------
     0 | D:1      | Hubjo the Deep Elf Fire Elementalist began the quest for
                  | the Orb.
     0 | D:1      | Reached XP level 1. HP: 10/10 MP: 6/6
   515 | D:1      | Reached XP level 2. HP: 16/16 MP: 2/8
  1117 | D:1      | Reached skill level 1 in Fighting
  1319 | D:1      | Found a faded altar of an unknown god.
  1345 | D:1      | Prayed at the altar of an unknown god.
  1345 | D:1      | Became a worshipper of Gozag Ym Sagoz the Greedy
  1454 | D:1      | Slain by a kobold

Illustrated notes

Levels and vault maps discovered:
D:1:      amcnicky_arrival_underground_garden, layout_basic,
          hellmonk_ecumenical_altar_inner_sanctum,
          amcnicky_mini_rare_corridor_liquid

Skill      XL: |  1  2 |
---------------+-------+-----
Fighting       | 1 |  1.1
Dodging        | |  2.4
Stealth        | |  2.9
Spellcasting   | |  3.3
Conjurations   | |  1.1
Fire Magic     | |  3.5

Action                   || total
-------------------------++-------
 Cast: Foxfire           ||    83
Armor: Robe              ||    11
Dodge: Dodged            ||    37

Table legend: (Time is in decaauts)
 A = Elapsed time spent in this place.
 B = Non-inter-level travel time spent in this place.
 C = Inter-level travel time spent in this place.
 D = Time resting spent in this place.
 E = Time spent auto-exploring this place.
 F = Levels seen in this place.
 G = Mean time per level.
                   A        B        C        D        E       F      G
               +--------+--------+--------+--------+--------+-----+--------+
         Total |   1454 |   1445 |      9 |      0 |   1285 |   1 | 1454.0 |
       Dungeon |   1454 |   1445 |      9 |      0 |   1285 |   1 | 1454.0 |
               +--------+--------+--------+--------+--------+-----+--------+

Top non-repeatable levels by time:
     D:1: 1454 daAuts
